[Event "Early-Titled-Tuesday-Blitz-September-05-2023"]
[Site "Chess.com"]
[Date "2023.09.05"]
[Round "5"]
[White "Battever"]
[Black "angryspacevoid"]
[Result "0-1"]
[WhiteElo "2451"]
[BlackElo "2606"]
[TimeControl "180+1"]
[EndTime "8:53:43 PDT"]
[Termination "angryspacevoid won by resignation"]

1. Nf3 c5 2. b3 Nc6 3. Bb2 Nf6 4. Bxf6 gxf6 5. c4 d5 6. cxd5 Qxd5 7. Nc3 Qd8 8. g3 h5 9. Bg2 Bg4 10. h3 Be6 11. Rc1 Qd7 12. Na4 b6 13. d4 Rd8 14.
dxc5 Qb7 15. Nd2 Bd5 16. e4 Be6 17. cxb6 Bh6 18. f4 axb6 19. Qxh5 Rxd2 20. O-O Nd4 21. Rcd1 Rxg2+ 22. Kxg2 Qxe4+ 23. Kh2 Bg7 24. Rxd4 Qxd4 25. Qb5+ Bd7 26. f5 Bxb5 0-1

[Event "Early-Titled-Tuesday-Blitz-September-05-2023"]
[Site "Chess.com"]
[Date "2023.09.05"]
[Round "5"]
[White "ArtemDyachuk"]
[Black "MarcoRiehle"]
[Result "0-1"]
[WhiteElo "2570"]
[BlackElo "2801"]
[TimeControl "180+1"]
[EndTime "8:53:45 PDT"]
[Termination "MarcoRiehle won on time"]

1. e4 e5 2. Nf3 Nf6 3. d4 Nxe4 4. Bd3 Nc6 5. dxe5 Nc5 6. Bc4 d6 7. O-O Be6 8. Bxe6 Nxe6 9. Qe2 dxe5 10. Nxe5 Nxe5 11.
Qxe5 Qd7 12. Nc3 Bd6 13. Qf5 O-O 14. Be3 Qc6 15. Rad1 Rfe8 16. h4 Rad8 17. h5 h6 18.
Qg4 Kh8 19. Qf5 Kg8 20. Rd2 Bc5 21. Rxd8 Rxd8 22. Re1 Bb4 23. Qg4 Bxc3 24. bxc3 Qxc3 25. Rb1 Qxc2 26. Rxb7 a5 27. a4 Kh7 28. Rb5 c5 29. Rxa5 c4 30. Ra7 Kg8 31. a5 c3 32. a6 Qb1+ 33.
Kh2 c2 34. Rb7 c1=Q 35. Bxc1 Qxc1 36. a7 Qc6 0-1

[Event "Early-Titled-Tuesday-Blitz-September-05-2023"]
[Site "Chess.com"]
[Date "2023.09.05"]
[Round "5"]
[White "kushbhagat2009"]
[Black "stasOR4ik"]
[Result "1-0"]
[WhiteElo "2625"]
[BlackElo "2471"]
[TimeControl "180+1"]
[EndTime "8:53:45 PDT"]
[Termination "kushbhagat2009 won by checkmate"]

1. d4 d5 2. Bf4 Nf6 3. e3 c5 4. Nf3 Nc6 5. Nbd2 Bf5 6. dxc5 e6 7. b4 Nxb4 8. Bb5+ Nc6 9. Nd4 Rc8 10. N2b3 Bg6 11.
Nxc6 bxc6 12. Ba6 Nd7 13. Bxc8 Qxc8 14. O-O Nxc5 15. Qd4 Ne4 16. Rab1 Be7 17. Qxa7 Bf6 18. Na5 Bd8 19. Rb8 Qd7 20. Rxd8+ Kxd8 21. Qa8+ Qc8 22.
Nxc6+ Kd7 23. Qa7+ Kxc6 24. Rb1 Qd8 25. Qb7+ Kc5 26.
Qb5# 1-0

[Event "Early-Titled-Tuesday-Blitz-September-05-2023"]
[Site "Chess.com"]
[Date "2023.09.05"]
[Round "5"]
[White "slidingknight2775"]
[Black "Tsyhanchuk_Stanislav"]
[Result "0-1"]
[WhiteElo "2566"]
[BlackElo "2424"]
[TimeControl "180+1"]
[EndTime "8:53:45 PDT"]
[Termination "Tsyhanchuk_Stanislav won by resignation"]

1. d4 Nf6 2. c4 e6 3. Nc3 Bb4 4. e3 c5 5. Ne2 Ne4 6. a3 Bxc3+ 7.
bxc3 d6 8. f3 Nf6 9. e4 Nc6 10.
Be3 Qa5 11. Kf2 O-O 12. g4 Nd7 13. Qc2 f5 14. exf5 exf5 15. g5 cxd4 16. cxd4 f4 17. Nxf4 Nxd4 18. Qd3 Nxf3 19. Qxd6 Nxg5 20. Bg2 Ne5 21.
Bd5+ Nef7 22. Rhe1 Ne4+ 23. Bxe4 Nxd6 24. Bd3 Qg5 0-1

[Event "Early-Titled-Tuesday-Blitz-September-05-2023"]
[Site "Chess.com"]
[Date "2023.09.05"]
[Round "5"]
[White "Vaathi_Coming"]
[Black "WildTricks"]
[Result "1-0"]
[WhiteElo "2867"]
[BlackElo "2637"]
[TimeControl "180+1"]
[EndTime "8:53:46 PDT"]
[Termination "Vaathi_Coming won on time"]

1. Nf3 b6 2. e4 Bb7 3. Nc3 e6 4.
d4 Bb4 5. Bd3 Nf6 6. Nd2 d5 7.
e5 Nfd7 8. Ne2 Be7 9. Nf4 Ba6 10.
Nf3 Bxd3 11. Qxd3 c5 12. c3 Nc6 13. a3 Qc7 14. O-O Rd8 15. Nh5 g6 16. Ng7+ Kf8 17.
Bh6 Kg8 18. Nh5 gxh5 19. Nd2 Nf8 20. f4 Ng6 21. f5 exf5 22. Qxf5 Bf8 23. Bg5 h6 24.
Bxd8 Nxd8 25. Qxh5 Bg7 26. Rf5 Kh7 27. Raf1 Rg8 28. Nf3 Rf8 29. Ng5+ Kg8 30. Nxf7 Rxf7 31. Qxg6 Rxf5 32. Rxf5 cxd4 33. cxd4 Qe7 34. Rf6 Kh8 35. Rd6 Nf7 36. Rxd5 Qc7 37. h3 1-0

[Event "Early-Titled-Tuesday-Blitz-September-05-2023"]
[Site "Chess.com"]
[Date "2023.09.05"]
[Round "5"]
[White "Alexander_Donchenko"]
[Black "SCIM"]
[Result "1-0"]
[WhiteElo "2851"]
[BlackElo "2617"]
[TimeControl "180+1"]
[EndTime "8:53:46 PDT"]
[Termination "Alexander_Donchenko won by resignation"]

1. d4 Nf6 2. c4 g6 3. Nc3 d5 4.
cxd5 Nxd5 5. Nf3 Bg7 6. Qb3 Nxc3 7. bxc3 O-O 8. Bg5 c5 9. Rd1 cxd4 10. cxd4 Qa5+ 11. Bd2 Qb6 12. e3 Nc6 13. Bc4 Na5 14. Qxb6 axb6 15. Bb5 Be6 16. Bb4 Bc4 17. a4 Bf6 18. Ne5 Bxb5 19. axb5 Rfc8 20. Nd7 Nc4 21. O-O Rc7 22. Nxf6+ exf6 23. Rc1 Rac8 24. Rc3 Na5 25. Rfc1 Rxc3 26. Rxc3 Rxc3 27. Bxc3 f5 28. Kf1 Kf8 29. Ke2 Ke7 30. Kd3 Kd6 31. Bb4+ Kd5 32. f3 h5 33. e4+ fxe4+ 34. fxe4+ Ke6 35. d5+ Ke5 36. Bc3+ Kd6 37. Bd4 f5 38. Bxb6 fxe4+ 39. Kxe4 Nc4 40. Bf2 Nd2+ 41. Kd3 Nf1 42. h3 Kxd5 43. Ke2 Nh2 44. Bg3 Ng4 45. hxg4 hxg4 46. b6 1-0

[Event "Early-Titled-Tuesday-Blitz-September-05-2023"]
[Site "Chess.com"]
[Date "2023.09.05"]
[Round "5"]
[White "Kurai"]
[Black "jlf287"]
[Result "1-0"]
[WhiteElo "2696"]
[BlackElo "2482"]
[TimeControl "180+1"]
[EndTime "8:53:46 PDT"]
[Termination "Kurai won on time"]

1. d4 Nf6 2. c4 e6 3. Nf3 d5 4.
g3 dxc4 5. Bg2 c5 6. O-O Nc6 7. dxc5 Qxd1 8. Rxd1 Bxc5 9. Nbd2 c3 10. bxc3 O-O 11.
Nb3 Be7 12. c4 Bd7 13. Bb2 Rfd8 14. Nfd4 Rac8 15. Nb5 b6 16. Rd2 Be8 17. Rad1 Rxd2 18. Rxd2 a6 19. Nd6 Bxd6 20. Rxd6 Rd8 21. c5 Rxd6 22.
cxd6 Bd7 23. e4 e5 24. f4 exf4 25. e5 Ng4 26. gxf4 f6 27. e6 Bxe6 28. Bxc6 1-0

[Event "Early-Titled-Tuesday-Blitz-September-05-2023"]
[Site "Chess.com"]
[Date "2023.09.05"]
[Round "5"]
[White "dosto07"]
[Black "ljm509"]
[Result "1-0"]
[WhiteElo "2503"]
[BlackElo "2304"]
[TimeControl "180+1"]
[EndTime "8:53:46 PDT"]
[Termination "dosto07 won by resignation"]

1. e4 e6 2. d4 d5 3. Nd2 dxe4 4. Nxe4 Nd7 5. Nf3 Ngf6 6. Nxf6+ Nxf6 7. g3 Be7 8. Bg2 O-O 9. O-O c5 10. Bf4 Qb6 11. b3 Rd8 12. dxc5 Bxc5 13. Qe2 Bd7 14. Ne5 Be8 15. Rad1 h6 16. c4 a5 17. Qf3 Bd4 18. Qxb7 Qxb7 19. Bxb7 Rab8 20. Bf3 g5 21. Nxf7 gxf4 22.
Nxd8 Rxd8 23. gxf4 Nh5 24. Rfe1 Nxf4 25. Re4 e5 26. c5 Nh3+ 27. Kf1 Nxf2 28. Rexd4 exd4 29. Kxf2 Kg7 30. c6 Kf6 31. Rc1 Rc8 32. Ke2 Ke5 33. Rc5+ Kd6 34. Rxa5 Bxc6 35. Ra6 Ke5 36. Rxc6 Re8 37.
Kd3 h5 38. Rh6 Rf8 39. Rxh5+ Kf4 40. Bd5 Rd8 41. Kxd4 Kg4 42. Rh7 Rxd5+ 43. Kxd5 1-0

[Event "Early-Titled-Tuesday-Blitz-September-05-2023"]
[Site "Chess.com"]
[Date "2023.09.05"]
[Round "5"]
[White "Evgeny81"]
[Black "Barbus89"]
[Result "1-0"]
[WhiteElo "2750"]
[BlackElo "2553"]
[TimeControl "180+1"]
[EndTime "8:53:47 PDT"]
[Termination "Evgeny81 won on time"]

1. e4 c6 2. d4 d5 3. f3 e5 4. dxe5 Bc5 5. Nc3 Qb6 6. Na4 Bf2+ 7.
Ke2 Qd4 8. Qxd4 Bxd4 9. exd5 Bxe5 10. f4 Bg4+ 11. Nf3 Bf6 12. dxc6 Nxc6 13. Kf2 O-O-O 14.
Be3 Nge7 15. Bb5 Bxf3 16. Kxf3 Nd4+ 17. Bxd4 Rxd4 18. Nc3 Rb4 19. Rab1 Nf5 20. Bd3 Nd4+ 21. Kf2 Ne6 22. g3 Bxc3 23. bxc3 Rxb1 24. Rxb1 Kb8 25. Re1 Rc8 26. Bxh7 Rh8 27. Bf5 Rxh2+ 28. Kf3 Nc5 29.
Re8+ Kc7 30. Re7+ Kd6 31. Rxf7 1-0

[Event "Early-Titled-Tuesday-Blitz-September-05-2023"]
[Site "Chess.com"]
[Date "2023.09.05"]
[Round "5"]
[White "WilsonPalencia21"]
[Black "KatakuriDono"]
[Result "1-0"]
[WhiteElo "2530"]
[BlackElo "2328"]
[TimeControl "180+1"]
[EndTime "8:53:48 PDT"]
[Termination "WilsonPalencia21 won by resignation"]

1. d4 d5 2. c4 dxc4 3. Nf3 Nf6 4. e3 a6 5. Bxc4 b5 6. Be2 Bb7 7. a4 b4 8. Nbd2 e6 9. Nc4 Nbd7 10. O-O c5 11. Nfe5 Be7 12. b3 cxd4 13. Qxd4 Nxe5 14. Qxe5 Qd5 15. Qxd5 Nxd5 16. Bb2 O-O 17. Bf3 Rab8 18.
Be5 Rbd8 19. Rac1 Ba8 20. Bd4 Bf6 21. Bxd5 Bxd5 22. Bxf6 gxf6 23. f3 f5 24. Rfd1 Kg7 25. Kf2 Kf6 26. Ke2 Rg8 27. g3 h5 28. Rd4 Rc8 29. Rh4 Rh8 30. Rc2 e5 31. Rd2 Bxc4+ 32. Rxc4 Rxc4 33. bxc4 Ke6 34. c5 Rc8 35. Rd6+ Ke7 36.
Rxa6 Rxc5 37. Rb6 Rc4 38. a5 Rc2+ 39. Kd3 Ra2 40. a6 b3 41. Kc3 b2 42. Kc2 Kd7 43. Kb1 Ra1+ 44. Kxb2 Rh1 45. a7 Rxh2+ 46. Ka1 Rh1+ 47.
Rb1 1-0

[Event "Early-Titled-Tuesday-Blitz-September-05-2023"]
[Site "Chess.com"]
[Date "2023.09.05"]
[Round "5"]
[White "Ncatt"]
[Black "pouya21"]
[Result "0-1"]
[WhiteElo "2447"]
[BlackElo "2806"]
[TimeControl "180+1"]
[EndTime "8:53:49 PDT"]
[Termination "pouya21 won by checkmate"]

1. e4 c5 2. Nf3 d6 3. Bb5+ Nd7 4. a4 Nf6 5. Nc3 g6 6. d4 cxd4 7. Qxd4 Bg7 8. O-O O-O 9. Rd1 a6 10. Be2 Nc5 11. e5 Nfd7 12. Bg5 Nxe5 13. Nxe5 Ne6 14. Qh4 Nxg5 15. Nxg6 hxg6 16. Qxg5 Be6 17. Rd3 Rc8 18.
Bf3 Rc5 19. Nd5 Bxd5 20. Bxd5 Qc7 21. Qf4 Rxc2 22. h4 e6 23. Bb3 d5 24. Qg4 Rxb2 25.
Rad1 Qb6 26. Qf3 Rc8 27. h5 gxh5 28. Re1 Qb4 29. Ree3 Rc1+ 30. Kh2 Qh4+ 31. Qh3 Qxf2 32. Rg3 Qg1# 0-1

[Event "Early-Titled-Tuesday-Blitz-September-05-2023"]
[Site "Chess.com"]
[Date "2023.09.05"]
[Round "5"]
[White "wild3000"]
[Black "S-Fazulyanov"]
[Result "1-0"]
[WhiteElo "2301"]
[BlackElo "2433"]
[TimeControl "180+1"]
[EndTime "8:53:49 PDT"]
[Termination "wild3000 won by resignation"]

1. e4 c5 2. Nf3 Nc6 3. Bb5 g6 4. O-O Bg7 5. c3 Nf6 6. Re1 O-O 7. e5 Nd5 8. d4 cxd4 9. cxd4 d6 10. Nc3 Nxc3 11.
bxc3 dxe5 12. Bxc6 bxc6 13. Nxe5 Qc7 14. Bf4 Qb6 15.
Rb1 Qa6 16. Qf3 Qxa2 17. Nxc6 Kh8 18. Nb4 Qa3 19. Qxa8 Bf5 20. Qc6 Rc8 21. Qb7 Re8 22.
Rbc1 a5 23. Nd5 e5 24. dxe5 g5 25. Bg3 h5 26. h3 h4 27. Bh2 g4 28. hxg4 Bxg4 29.
Qxf7 Rf8 30. Qg6 Bf5 31. Qh5+ Kg8 32. Nf6+ 1-0

[Event "Early-Titled-Tuesday-Blitz-September-05-2023"]
[Site "Chess.com"]
[Date "2023.09.05"]
[Round "5"]
[White "venturov"]
[Black "blitzking1729"]
[Result "0-1"]
[WhiteElo "2418"]
[BlackElo "2754"]
[TimeControl "180+1"]
[EndTime "8:53:52 PDT"]
[Termination "blitzking1729 won by resignation"]

1. e4 g6 2. d4 Bg7 3. Nf3 d6 4.
c4 Nd7 5. Nc3 e5 6. g3 Ne7 7.
Bg2 O-O 8. O-O h6 9. dxe5 Nxe5 10. Nxe5 dxe5 11. Qc2 Nc6 12. Be3 Nd4 13. Bxd4 exd4 14. Nd5 a5 15. Nf4 Kh7 16. Nd3 Qe7 17. f4 f5 18. e5 c6 19. b3 a4 20. b4 Be6 21. a3 Rfd8 22. Rac1 Bf8 23. Qb2 Qf7 24. Qc2 Be7 25. Rf2 Kg7 26. Rd2 Rd7 27. Kf2 g5 28. Bf3 Rdd8 29. b5 cxb5 30. cxb5 Bxa3 31. Ra1 Bb3 32.
Qb1 Bf8 33. Qh1 Rab8 34. h4 g4 35. Bg2 Rd7 36. Rb2 Rc8 37. Qb1 Rc3 38. Ke2 Bc4 39. Kd2 Rxd3+ 40. Qxd3 Bxd3 41. Kxd3 a3 42. Rb4 Bxb4 0-1

[Event "Early-Titled-Tuesday-Blitz-September-05-2023"]
[Site "Chess.com"]
[Date "2023.09.05"]
[Round "5"]
[White "SpongeBob_03"]
[Black "viktorskliarov"]
[Result "0-1"]
[WhiteElo "2218"]
[BlackElo "2658"]
[TimeControl "180+1"]
[EndTime "8:53:52 PDT"]
[Termination "viktorskliarov won by checkmate"]

1. e4 c5 2. Nf3 Nc6 3. d4 cxd4 4.
Nxd4 Nf6 5. Nc3 e5 6. Ndb5 d6 7. Nd5 Nxd5 8. exd5 Nb8 9. c4 a6 10.
Qa4 Nd7 11. Be3 Be7 12. Bd3 O-O 13. O-O f5 14. f4 exf4 15. Bxf4 Nc5 16. Qc2 axb5 17.
cxb5 Nxd3 18. Qxd3 Bd7 19. a4 Bg5 20. Qd4 Bxf4 21.
Qxf4 Qf6 22. b4 g5 23. Qf2 f4 24. Qb6 Rab8 25. Rac1 Bg4 26. Rc7 f3 27. gxf3 Bxf3 28. Qf2 g4 29. Rc4 Qe5 30. Re1 Qxd5 31. Qc2 Rbe8 32.
Rc1 Re2 33. Qb1 Rg2+ 34. Kh1 Rg3# 0-1

[Event "Early-Titled-Tuesday-Blitz-September-05-2023"]
[Site "Chess.com"]
[Date "2023.09.05"]
[Round "5"]
[White "NFChess13"]
[Black "Zhani-Z"]
[Result "1-0"]
[WhiteElo "2659"]
[BlackElo "2273"]
[TimeControl "180+1"]
[EndTime "8:53:52 PDT"]
[Termination "NFChess13 won on time"]

1. c4 g6 2. h4 Bg7 3. h5 gxh5 4. Rxh5 Nf6 5. Rh1 O-O 6. Nc3 d5 7. cxd5 Nxd5 8. Qc2 f5 9. e4 Nxc3 10. Bc4+ Kh8 11. bxc3 fxe4 12. Qxe4 Bf5 13. Qh4 Nd7 14. Nf3 Ne5 15. Nxe5 Bxe5 16. d4 Bg7 17. Bg5 Bf6 18. g4 Bxg5 19. Qxg5 e5 20. Qxd8 Raxd8 21. gxf5 exd4 22.
Be6 dxc3 23. Rc1 Rd3 24. Rg1 Rfd8 25. Ke2 Rd2+ 26. Ke3 R8d3+ 27. Ke4 Rd8 28. Rxc3 Rxf2 29. Rxc7 h5 30. Rg6 Re2+ 31. Kf3 Rxe6 32. fxe6 Rf8+ 33. Kg3 1-0

[Event "Early-Titled-Tuesday-Blitz-September-05-2023"]
[Site "Chess.com"]
[Date "2023.09.05"]
[Round "5"]
[White "rachidhuilda"]
[Black "Shockerlover"]
[Result "1-0"]
[WhiteElo "2315"]
[BlackElo "1964"]
[TimeControl "180+1"]
[EndTime "8:53:54 PDT"]
[Termination "rachidhuilda won by resignation"]

1. d4 c6 2. Nf3 d5 3. c4 Nf6 4.
Nc3 Bg4 5. Ne5 Be6 6. Qb3 Qc7 7. Bf4 Qb6 8. c5 Qxb3 9. axb3 Nbd7 10. e3 Nxe5 11. Bxe5 Nd7 12. Bg3 Bf5 13. b4 f6 14.
b5 e5 15. b4 Kd8 16. bxc6 bxc6 17. b5 cxb5 18. Nxb5 Nxc5 19. dxc5 Bxc5 20. Be2 Kd7 21. O-O Rhb8 22. Rfc1 Bb6 23. Nc3 Ke6 24. Bf3 e4 25.
Be2 Rc8 26. Ba6 Rc5 27. Na4 Ra5 28. Bb7 Rd8 29. Nxb6 axb6 30. Bc7 Rd7 31. Bc8 Rxa1 32. Rxa1 Ke7 33. Bxd7 Kxd7 34. Bxb6 Kc6 35. Bd4 Kb5 36. Ra7 Kc4 37. Rxg7 Kd3 38. Kf1 1-0

[Event "Early-Titled-Tuesday-Blitz-September-05-2023"]
[Site "Chess.com"]
[Date "2023.09.05"]
[Round "5"]
[White "CixPer1968"]
[Black "Roedor"]
[Result "0-1"]
[WhiteElo "2169"]
[BlackElo "2458"]
[TimeControl "180+1"]
[EndTime "8:53:56 PDT"]
[Termination "Roedor won on time"]

1. d4 Nf6 2. c4 g6 3. Nc3 d5 4. cxd5 Nxd5 5. e4 Nxc3 6. bxc3 Bg7 7. Nf3 c5 8. Be3 O-O 9. Rc1 Qa5 10. Qd2 Bg4 11. Be2 cxd4 12. cxd4 Qxd2+ 13. Nxd2 Bxe2 14. Kxe2 Nc6 15. Nb3 e6 16. Rhd1 Rfd8 17. f3 Rac8 18. Rd2 Nxd4+ 19. Bxd4 Rxc1 20. Bxg7 Rxd2+ 21. Kxd2 Rg1 22. Bf6 Rxg2+ 23. Ke3 Rxa2 24. Nc5 b6 25. Nd7 Rxh2 26. Be5 Rh1 27. Nf6+ Kf8 28. Nd7+ Ke7 29. Nb8 Rc1 30. Na6 f6 0-1

[Event "Early-Titled-Tuesday-Blitz-September-05-2023"]
[Site "Chess.com"]
[Date "2023.09.05"]
[Round "5"]
[White "amylazy"]
[Black "GianmarcoVaR"]
[Result "1-0"]
[WhiteElo "2457"]
[BlackElo "2623"]
[TimeControl "180+1"]
[EndTime "8:53:57 PDT"]
[Termination "amylazy won by resignation"]

1. d4 g6 2. Nf3 Bg7 3. g3 d6 4. Bg2 h5 5. h3 Nc6 6. c4 Bd7 7. Nc3 Nf6 8. Bg5 Qc8 9. Qd2 Bf5 10. d5 Nb4 11. Nd4 Bd7 12. a3 Na6 13. b4 Rb8 14.
Rc1 c5 15. dxc6 bxc6 16. Qe3 c5 17. Ndb5 O-O 18. O-O Bxh3 19. Nxa7 Qd7 20. Bxf6 Bxf6 21. Bxh3 Qxh3 22. b5 Bg7 23. bxa6 Bd4 24. Qf3 h4 25. e3 hxg3 26. Qxg3 Qxg3+ 27. fxg3 Bxe3+ 28. Kg2 Bxc1 29. Rxc1 Rb6 30. Nd5 Rxa6 31. Nxe7+ Kg7 32. Nb5 Re8 33. Nd5 Re2+ 34. Kf3 Rb2 35. Re1 Rc2 36. Ne3 Rd2 37. Rd1 Rxd1 38. Nxd1 f5 39. Ndc3 Kf6 40. Nd5+ Ke5 41. Ne7 g5 42. Ng6+ Kf6 43. Nf8 Ra7 44.
Nxa7 Ke5 45. Nb5 d5 46. Ng6+ Kf6 47. cxd5 Kxg6 48. d6 Kf6 49. a4 Ke6 50. a5 Kd5 51. a6 Kc6 52. a7 Kb7 53. d7 1-0

[Event "Early-Titled-Tuesday-Blitz-September-05-2023"]
[Site "Chess.com"]
[Date "2023.09.05"]
[Round "5"]
[White "Rsnr"]
[Black "Goryachkina"]
[Result "1-0"]
[WhiteElo "2913"]
[BlackElo "2663"]
[TimeControl "180+1"]
[EndTime "8:53:58 PDT"]
[Termination "Rsnr won on time"]

1. d4 d5 2. c4 c6 3. Nf3 Nf6 4. Nc3 dxc4 5. a4 Bf5 6. Nh4 Bg6 7.
Nxg6 hxg6 8. e4 e5 9. Bxc4 exd4 10. e5 Bb4 11. Qb3 Nd5 12. Bxd5 Qxd5 13. Qxb4 dxc3 14. Qxb7 Qxg2 15. Rf1 O-O 16. bxc3 Nd7 17. Qxd7 Rad8 18. Qxa7 Rd3 19. Be3 Rfd8 20. Ke2 Qg4+ 21. f3 Qc4 22.
Kf2 Qxc3 23. Rae1 Qxe5 24. Kg1 Qf5 25. Qc5 1-0

[Event "Early-Titled-Tuesday-Blitz-September-05-2023"]
[Site "Chess.com"]
[Date "2023.09.05"]
[Round "5"]
[White "JaloliddinIlkhomi"]
[Black "Quattroporte300"]
[Result "1-0"]
[WhiteElo "2571"]
[BlackElo "2409"]
[TimeControl "180+1"]
[EndTime "8:53:58 PDT"]
[Termination "JaloliddinIlkhomi won by resignation"]

1. Nf3 c5 2. c3 Nc6 3. d4 e6 4.
Bf4 Qb6 5. Qb3 cxd4 6. Qxb6 axb6 7.
Nxd4 Nxd4 8. cxd4 Nf6 9. Nd2 Bb4 10. Kd1 d5 11. e3 Bd7 12. f3 Ke7 13. Bd3 Rhc8 14.
a3 Bd6 15. Bxd6+ Kxd6 16. Ke2 Ba4 17. Rac1 Nd7 18. e4 g6 19. e5+ Ke7 20. f4 Bc6 21.
Nf3 b5 22. h4 h5 23. Rc2 Nb6 24. Rhc1 Nc4 25. Bxc4 bxc4 26. Rc3 b5 27. Nh2 Rcb8 28. g4 hxg4 29. Nxg4 b4 30. axb4 Rxb4 31. R1c2 Ra2 32.
Nf6 Rbxb2 33. Rxb2 Rxb2+ 34. Ke3 Rh2 35. Rc1 Rxh4 36.
Ra1 Rh3+ 37. Ke2 c3 38. Ra7+ Kd8 39. Ra1 Bb5+ 40. Kf2 Rd3 41. Rc1 Kc7 42. Ng4 Kb6 43. Ne3 Rxd4 44. Rxc3 Rxf4+ 45. Kg3 Re4 46. Ng4 Be2 47.
Nf6 Rc4 48. Rb3+ Kc5 49. Rb7 d4 50. Rd7 d3 51. Kf2 Rd4 52. Rc7+ Kb6 53. Rc1 d2 54. Rb1+ Kc5 55. Kxe2 Kc4 56. Rd1 Kc3 57. Ke3 Rh4 58. Ne4+ Kc2 59. Rxd2+ Kc1 60. Rf2 Rh5 61. Kd4 Rf5 62.
Rxf5 exf5 63. Ng5 Kd2 64. Nxf7 f4 65. Ng5 1-0

[Event "Early-Titled-Tuesday-Blitz-September-05-2023"]
[Site "Chess.com"]
[Date "2023.09.05"]
[Round "5"]
[White "Actuary44"]
[Black "esrosenberg"]
[Result "1-0"]
[WhiteElo "2539"]
[BlackElo "2395"]
[TimeControl "180+1"]
[EndTime "8:53:59 PDT"]
[Termination "Actuary44 won by resignation"]

1. e4 c6 2. d4 d5 3. Nc3 dxe4 4.
Nxe4 Bf5 5. Ng3 Bg6 6. h4 h6 7. Nh3 e6 8. Nf4 Bh7 9. Bd3 Bxd3 10. Qxd3 Nf6 11. Bd2 Nd5 12. O-O-O Nxf4 13. Bxf4 Bd6 14. Bxd6 Qxd6 15. Nh5 O-O 16. g4 Nd7 17. g5 g6 18.
Ng3 h5 19. Ne4 Qd5 20. Kb1 Kg7 21. Qe3 a5 22. Rh3 a4 23. Rf3 a3 24. b3 b5 25. c3 c5 26. Nf6 Nxf6 27. gxf6+ Kh7 28. Rg3 Qf5+ 29. Ka1 Qxf6 30. dxc5 b4 31. Qd4 Qxd4 32.
Rxd4 bxc3 33. Rxc3 Rfb8 34. b4 Rb5 35. c6 Kg7 36. c7 Rc8 37. Rd8 Rd5 38. Rxd5 exd5 39. b5 d4 40. Rc4 d3 41. b6 d2 42. Rd4 Re8 43. Kb1 1-0

[Event "Early-Titled-Tuesday-Blitz-September-05-2023"]
[Site "Chess.com"]
[Date "2023.09.05"]
[Round "5"]
[White "GasconJR"]
[Black "hongnhung1234"]
[Result "1-0"]
[WhiteElo "2710"]
[BlackElo "2536"]
[TimeControl "180+1"]
[EndTime "8:54:00 PDT"]
[Termination "GasconJR won by checkmate"]

1. Nf3 f5 2. d3 d6 3. e4 e5 4. Nc3 Nf6 5. exf5 Bxf5 6. d4 exd4 7. Nxd4 Qd7 8. Nxf5 Qxf5 9. Bd3 Qe6+ 10. Be3 Nc6 11. Qf3 g6 12. Bb5 d5 13. O-O-O O-O-O 14. Rhe1 Ne4 15. Nxe4 dxe4 16. Rxd8+ Nxd8 17. Qd1 c6 18. Qd4 Qxa2 19. Rd1 Qa1+ 20. Kd2 Qa5+ 21. Kc1 Bb4 22.
Qd7+ Kb8 23. Bf4+ Ka8 24. Qc8# 1-0

[Event "Early-Titled-Tuesday-Blitz-September-05-2023"]
[Site "Chess.com"]
[Date "2023.09.05"]
[Round "5"]
[White "Agibileg"]
[Black "frederiksvane"]
[Result "0-1"]
[WhiteElo "2664"]
[BlackElo "2925"]
[TimeControl "180+1"]
[EndTime "8:54:01 PDT"]
[Termination "frederiksvane won on time"]

1. d4 Nf6 2. c4 e6 3. Nc3 Bb4 4.
a3 Bxc3+ 5. bxc3 c5 6. f3 Nc6 7. e4 d6 8. Ne2 O-O 9. Bg5 b6 10. Nc1 Na5 11. f4 Qd7 12. Bxf6 gxf6 13. Bd3 Kh8 14.
O-O Ba6 15. Nb3 Nxc4 16. Qe2 Qa4 17. Nc1 Rac8 18. Rf3 Rg8 19. Rh3 Rg7 20. Rh6 Rcg8 21. g3 cxd4 22. Rxf6 dxc3 23. e5 dxe5 24. Rh6 exf4 25.
Qh5 f5 26. Ne2 fxg3 27. hxg3 Qd7 28. Nf4 Qd4+ 29. Kh2 Qf2+ 30. Kh1 Bb7+ 31. Be4 Bxe4+ 0-1

[Event "Early-Titled-Tuesday-Blitz-September-05-2023"]
[Site "Chess.com"]
[Date "2023.09.05"]
[Round "5"]
[White "IngOscarArdila"]
[Black "I_am_Javi"]
[Result "0-1"]
[WhiteElo "2408"]
[BlackElo "2751"]
[TimeControl "180+1"]
[EndTime "8:54:03 PDT"]
[Termination "I_am_Javi won by resignation"]

1. d4 Nf6 2. c4 g6 3. Nc3 Bg7 4.
Nf3 O-O 5. e3 b6 6. Be2 Bb7 7. O-O d6 8. b3 Nbd7 9. Ba3 Re8 10. Rc1 e5 11. dxe5 Nxe5 12. Nxe5 Rxe5 13. Bf3 Qc8 14. Bb2 Re8 15. Rc2 Bxf3 16. Qxf3 Nd7 17. Nd5 Ne5 18. Qe2 a5 19. Rd1 a4 20. b4 a3 21. Bd4 Ra4 22. Rb1 Qd8 23. h3 c5 24.
bxc5 bxc5 25. Bxe5 Bxe5 26. Qd3 Ra8 27. Rb7 Rb8 28.
Qb3 Rxb7 29. Qxb7 Qa5 30. Kf1 Qa8 31. Qb6 Rb8 32. Qc7 Rb7 33. Ne7+ Kf8 34. Qc8+ Qxc8 35. Nxc8 Rb2 36. Rc1 Rxa2 37. f4 Ra1 38. Rxa1 Bxa1 39.
Nxd6 a2 40. Nb5 Bb2 41. Ke2 a1=Q 0-1

[Event "Early-Titled-Tuesday-Blitz-September-05-2023"]
[Site "Chess.com"]
[Date "2023.09.05"]
[Round "5"]
[White "falzehope0"]
[Black "Doudou2015"]
[Result "1-0"]
[WhiteElo "2452"]
[BlackElo "2160"]
[TimeControl "180+1"]
[EndTime "8:54:04 PDT"]
[Termination "falzehope0 won on time"]

1. d4 d5 2. e3 Nf6 3. Bd3 Bg4 4. Ne2 e6 5. O-O Be7 6. Nd2 Nbd7 7. f4 Bh5 8. Nf3 Ne4 9. c4 c6 10. Qc2 f5 11. c5 Bxf3 12. gxf3 Nef6 13. b4 O-O 14. b5 Qe8 15. bxc6 bxc6 16. Qa4 Rc8 17. Qxa7 Bd8 18. Ba6 Rc7 19. Qa8 Qh5 20. Bb7 Be7 21.
Qa6 Nb8 22. Qb6 Bd8 23. a4 Rff7 24. Ba8 Nbd7 25. Qb3 Ne8 26. a5 Rf6 27. a6 Rh6 28. Rf2 Bh4 29. Rg2 Qxf3 30. Qd1 Rg6 31. Qf1 Rxg2+ 32. Qxg2 Qxg2+ 33. Kxg2 Be7 34. a7 Nxc5 35. Bxc6 1-0

[Event "Early-Titled-Tuesday-Blitz-September-05-2023"]
[Site "Chess.com"]
[Date "2023.09.05"]
[Round "5"]
[White "Alexei_Gubajdullin"]
[Black "moro182"]
[Result "0-1"]
[WhiteElo "2602"]
[BlackElo "2849"]
[TimeControl "180+1"]
[EndTime "8:54:05 PDT"]
[Termination "moro182 won by resignation"]

1. d4 g6 2. Nf3 Bg7 3. Bf4 d6 4. e3 Nd7 5. Be2 c5 6. O-O Ngf6 7. h3 O-O 8. c3 b6 9. a4 Bb7 10. Qb3 cxd4 11. exd4 e5 12. Bh2 e4 13.
Nfd2 Qe7 14. Nc4 Bd5 15. Qb4 Bxc4 16. Bxd6 Qxd6 17. Qxd6 Bxe2 18. Re1 Bd3 19. Nd2 Rfd8 20. Qf4 Nd5 21. Qh4 f5 22. a5 b5 23. Nf1 a6 24. Ne3 N7f6 25. g4 f4 26. Ng2 f3 27.
g5 Nh5 28. Ne3 Nxe3 29. fxe3 Rf8 30. Kf2 Rac8 31. Rac1 Rf5 32. Qg4 Bf8 33. h4 Bd6 34.
Rg1 Rc7 35. Qh3 Kg7 36. Rg4 b4 37. c4 Bxc4 38. Rxe4 Bg3+ 39. Kg1 f2+ 40. Kh1 Bd5 41. Rxc7+ Bxc7 0-1

[Event "Early-Titled-Tuesday-Blitz-September-05-2023"]
[Site "Chess.com"]
[Date "2023.09.05"]
[Round "5"]
[White "Vesper2018"]
[Black "Jahonas"]
[Result "1-0"]
[WhiteElo "2582"]
[BlackElo "2418"]
[TimeControl "180+1"]
[EndTime "8:54:05 PDT"]
[Termination "Vesper2018 won by resignation"]

1. e4 c6 2. d4 d5 3. e5 Bf5 4.
Nf3 e6 5. Be2 Nd7 6. O-O Ne7 7.
Nh4 h6 8. Nxf5 Nxf5 9. c3 g5 10. a4 a5 11. Na3 Bg7 12. Nc2 O-O 13. Bd3 Qe7 14. Bxf5 exf5 15. Ne3 f4 16. Nf5 Qe6 17. Nxg7 Kxg7 18. g3 fxg3 19. fxg3 f5 20. Be3 Rf7 21. Qd2 Nf8 22. Rf2 Ng6 23. Raf1 Raf8 24. h4 f4 25. gxf4 gxf4 26. Bxf4 Qg4+ 27. Rg2 Rxf4 28. Rxf4 Qxf4 29.
Qxf4 Rxf4 30. h5 Rf5 31. Rxg6+ Kh7 32. Rd6 Rg5+ 33. Kf2 Rxh5 34. Rd7+ Kg6 35. Rxb7 Kf5 36. Rb6 Rh2+ 37. Kg3 Rc2 38. Rxc6 Rxb2 39. Rxh6 Rb3 40.
Rc6 Ra3 41. Rc5 Rxa4 42. Rxd5 Rc4 43. Rxa5 Rxc3+ 44. Kh4 Rc4 45. Rd5 1-0